 Dungeon Crawl Stone Soup version 0.25.1-2-g60ff931df9 (webtiles) character file.

Game seed: 5902397536614540566

61 schauveau the Covered (level 3, -6/33 HPs)
             Began as a Minotaur Fighter on Oct 26, 2020.
             Mangled by a centaur (7 damage)
             ... on level 4 of the Dungeon.
             The game lasted 00:01:51 (1145 turns).

schauveau the Covered (Minotaur Fighter)            Turns: 1145, Time: 00:01:52

Health: -6/33      AC: 10    Str: 21    XL:     3   Next: 83%
Magic:  2/2        EV:  5    Int:  5    God:
Gold:   64         SH:  9    Dex:  9    Spells: 2/2 levels left

rFire    . . .     SeeInvis .   a - +0 war axe
rCold    . . .     Gourm    .   c - +0 kite shield
rNeg     . . .     Faith    .   h - +0 chain mail
rPois    .         Spirit   .   (helmet restricted)
rElec    .         Reflect  .   i - +0 cloak
rCorr    .         Harm     .   (no gloves)
MR       .....                  (no boots)
Stlth    ..........             (no amulet)
HPRegen  0.11/turn              k - ring of stealth
MPRegen  0.08/turn              (no ring)

@: no status effects
A: retaliatory headbutt, horns 2
a: no special abilities


You were on level 4 of the Dungeon.
You were hungry.

You visited 1 branch of the dungeon, and saw 4 of its levels.

You collected 64 gold pieces.

Inventory:

Hand Weapons
 a - a +0 war axe (weapon)
Armour
 c - a +0 kite shield (worn)
 h - a +0 chain mail (worn)
 i - a +0 cloak (worn)
Jewellery
 k - a ring of stealth (left hand)
Scrolls
 e - a scroll of random uselessness {unknown}
 j - a scroll of identify {unknown}
 l - a scroll of magic mapping {unknown}
Potions
 b - a potion of curing {unknown}
 d - a potion of might
 g - a potion of berserk rage {unknown}
Comestibles
 f - 3 rations


   Skills:
 + Level 4.3 Fighting
 * Level 3.2 Axes
 * Level 4.4 Armour
 + Level 4.1 Shields


You had 2 spell levels left.
You didn't know any spells.
Your spell library was empty.

Dungeon Overview and Level Annotations

Branches:
Dungeon (4/15)
 Temple: D:4-7

Altars:


Innate Abilities, Weirdness & Mutations

You reflexively headbutt those who attack you in melee.
You have a pair of horns on your head.


Message History

The centaur hits you but does no damage.
Your shield and chain mail prevent you from hitting the centaur.
You block the centaur's attack. x2
You barely miss the centaur. You block the centaur's attack. x2
You hit the centaur. Your headbutt misses the centaur.
The centaur is moderately wounded.
The centaur hits you.
* * * LOW HITPOINT WARNING * * *
The centaur hits you.
* * * LOW HITPOINT WARNING * * *
You hit the centaur but do no damage.
The centaur is moderately wounded.
The centaur hits you but does no damage.
The centaur hits you.
* * * LOW HITPOINT WARNING * * *
You block the centaur's attack.
You slash the centaur!
The centaur is severely wounded.
The centaur hits you!
You die...

##.<.......
##############.........#
....#.......[...######.#
##....(.......##
##.....((...####
......[(.......#
....###.(.#.##.# ?.#
##.#.#..##.# .
#...@......#
##.#c#..#.!#
....%.#.#..#
#..###...... ( #..
#.##.### #. #.# .# # #.#
# #.%


You could see a centaur.

Vanquished Creatures
  3 adders (D:3)
  2 dart slugs (D:3)
  A leopard gecko (D:1)
  An orc (D:4)
  2 bats (D:1)
  A giant cockroach (D:2)
  2 goblins (D:1)
  4 hobgoblins
  5 jackals
  2 kobolds (D:3)
  A quokka (D:3)
  A rat (D:3)
25 creatures vanquished.

Notes
Turn   | Place    | Note
-------+----------+-------------------------------------------
     0 | D:1      | schauveau the Minotaur Fighter began the quest for the Orb.
     0 | D:1      | Reached XP level 1. HP: 19/19 MP: 0/0
   131 | D:1      | Reached XP level 2. HP: 27/27 MP: 1/1
   438 | D:3      | Reached XP level 3. HP: 13/33 MP: 2/2
  1131 | D:4      | Noticed a centaur
  1144 | D:4      | HP: 1/33 [centaur (4)]
  1145 | D:4      | Mangled by a centaur

Illustrated notes

Levels and vault maps discovered:
D:1:      psy_arrival_whirlpool, layout_rooms, roderic_roman_lattice
D:2:      layout_loops_ring, minmay_hedge_maze, uniq_crazy_yiuf_cottage
D:3:      layout_basic, minmay_randomly_rotated_circles
D:4:      layout_loops_ring, yredelemnul_altar_generic,
          minmay_temple_entry_gardened_gates, first_ration, st_stairs_3,
          uniq_natasha

Skill      XL: |  1  2 |
---------------+-------+-----
Fighting       | 4 |  4.3
Armour         | 4 |  4.4
Axes           | 3 |  3.2
Shields        | 4 |  4.1

Action                   || total
-------------------------++-------
Melee: War axe           ||    65
       Headbutt          ||    10
Armor: Scale mail        ||     4
       Chain mail        ||    28
Dodge: Dodged            ||    23
Block: Kite shield       ||    43
